 Dungeon Crawl Stone Soup version 0.22.1 (webtiles) character file.

72 PaladinM the Slasher (level 4, -3/33 HPs)
             Began as a Human Warper on Sept 17, 2018.
             Slain by a worm (4 damage)
             ... on level 3 of the Dungeon.
             The game lasted 00:05:46 (2143 turns).

PaladinM the Slasher (Human Warper)                 Turns: 2143, Time: 00:05:47

Health: -3/33      AC:  3    Str: 11    XL:     4   Next: 48%
Magic:  4/7        EV: 12    Int: 13    God:
Gold:   49         SH:  0    Dex: 14    Spells: 3/7 levels left

rFire    . . .     SeeInvis .   a - +0 falchion
rCold    . . .     Gourm    .   (no shield)
rNeg     . . .     Faith    .   b - +0 leather armour
rPois    .         Spirit   .   (no helmet)
rElec    .         Reflect  .   (no cloak)
rCorr    .         Harm     .   (no gloves)
MR       .....                  (no boots)
Stlth    +.........             (no amulet)
HPRegen  0.11/turn              (no ring)
MPRegen  0.10/turn              (no ring)

@: very slightly contaminated
A: no striking features
a: no special abilities


You were on level 3 of the Dungeon.
You were very hungry.

You visited 1 branch of the dungeon, and saw 3 of its levels.

You collected 49 gold pieces.

Inventory:

Hand Weapons
 a - a +0 falchion (weapon)
Missiles
 e - 5 tomahawks of dispersal (quivered)
Armour
 b - a +0 leather armour (worn)
Jewellery
 c - an uncursed ring of poison resistance {unknown}
Scrolls
 d - 2 scrolls of blinking
 i - 2 scrolls of identify {unknown}
 j - a scroll of teleportation {unknown}
 l - 2 scrolls of enchant armour {unknown}
Potions
 g - a potion of heal wounds {unknown}
 h - a potion of curing {unknown}
 k - a potion of magic {unknown}
Comestibles
 f - 2 rations


   Skills:
 - Level 2.0 Fighting
 + Level 4.4 Long Blades
 - Level 1.0 Throwing
 - Level 1.0 Armour
 - Level 2.0 Dodging
 - Level 2.0 Spellcasting
 - Level 3.0 Translocations


You had 3 spell levels left.
You knew the following spells:

 Your Spells              Type           Power        Failure   Level  Hunger
a - Shroud of Golubria    Chrm/Tloc      #.........   26%         2    ###....
b - Blink                 Tloc           N/A          14%         2    ###....

Your spell library contained the following spells:

 Spells                   Type           Power        Failure   Level  Hunger
 Gell's Gravitas          Tloc           #.........   28%         3    ####...
 Lesser Beckoning         Tloc           #.........   28%         3    ####...
 Teleport Other           Tloc           #.......     28%         3    ####...
 Passage of Golubria      Tloc           N/A          67%         4    #####..


Dungeon Overview and Level Annotations

Branches:
Dungeon (3/15)

Altars:
Ru


Message History

A jackal comes into view.
The jackal closely misses you.
Casting: Shroud of Golubria (safe; 26% risk of failure)
Confirm with . or Enter, or press ? or * to list all spells.
You blink.
The jackal barks!
A jackal comes into view.
The jackal barely misses you. The worm misses you. The jackal bites you.
* * * LOW HITPOINT WARNING * * *
The jackal bites you but does no damage.
Okay, then.
Blink to where?
Press: ? - help, Dir - move target cursor You are very lightly contaminated with residual magic.
As you read the scroll of blinking, it crumbles to dust.
A leopard gecko comes into view.
The leopard gecko hisses angrily.
The worm bites you.
You die...

.. ...# ###
.....####
.......
#.>l>##.).....
#@.........
#.w........
#..........
#.......... .
#.....(....
... #.h.#..#.
....###.w<#.##
#.....h)# #
...####....#.#


You could see 2 worms, a leopard gecko and 2 jackals.

Vanquished Creatures
  2 adders (D:2)
  3 worms
  A leopard gecko (D:2)
  9 bats
  3 giant cockroaches (D:1)
  5 goblins
  6 hobgoblins
  A jackal (D:3)
  A kobold (D:1)
  2 quokkas (D:2)
  2 ball pythons (D:1)
  3 frilled lizards
  6 rats
44 creatures vanquished.

Notes
Turn   | Place    | Note
-------+----------+-------------------------------------------
     0 | D:1      | PaladinM the Human Warper began the quest for the Orb.
     0 | D:1      | Reached XP level 1. HP: 16/16 MP: 3/3
   209 | D:1      | Reached XP level 2. HP: 16/22 MP: 5/5
   307 | D:1      | Reached skill level 3 in Long Blades
   602 | D:1      | Learned a level 2 spell: Shroud of Golubria
   605 | D:1      | Learned a level 2 spell: Blink
   883 | D:1      | Reached XP level 3. HP: 19/27 MP: 6/6
  1484 | D:2      | Found a sacrificial altar of Ru.
  1509 | D:2      | Reached skill level 4 in Long Blades
  1509 | D:2      | Reached XP level 4. HP: 26/33 MP: 7/7
  2141 | D:3      | HP: 1/33 [jackal (2)]
  2143 | D:3      | Slain by a worm

Skill      XL: |  1  2  3 |
---------------+----------+-----
Long Blades    | 3 4 |  4.4
Fighting       | |  2.0
Throwing       | |  1.0
Armour         | |  1.0
Dodging        | |  2.0
Spellcasting   | |  2.0
Translocations | |  3.0

Action                   |  1- 3 |  4- 6 || total
-------------------------+-------+-------++-------
Melee: Falchion          |   134 |    52 ||   186
 Cast: Shroud of Golubri |     2 |     6 ||     8
       Blink             |       |     1 ||     1
  Use: Scroll            |       |     1 ||     1
  Eat: Chunk             |     2 |     2 ||     4
Armor: Leather armour    |    39 |    10 ||    49
Dodge: Dodged            |   108 |    32 ||   140
       Rpst.: Falchion   |    31 |    10 ||    41
